Map: Heavy Artillery LE

Players

StaltosS

  • Race: Protoss Protoss
  • Spawn Location: 7:00

Zergatul

  • Race: Protoss Protoss
  • League: Diamond
  • Spawn Location: 7:00

qqq - Winner!

  • Race: Zerg Zerg
  • League: Platinum
  • Spawn Location: 3:00

Massa - Winner!

  • Race: Terran Terran
  • League: Platinum
  • Spawn Location: 1:00

VOD

Have the link to the VOD?

Description

Time

  • Played on: Nov. 20, 2020, 4:54 p.m.
  • Length: 44:48
Show
View Real Time Build Order
Export as new Build Order

StaltosS Protoss 

Build Orders: 1 Gate Expand 

Get SALT Encoding   

  12  0:00  Probe  
  13  0:13  Probe  
  14  0:25  Probe  
  14  0:26  Pylon  
  15  0:44  Probe  
  16  0:51  Gateway  
  16  0:56  Probe, Assimilator  
  17  1:03  Pylon  
  17  1:08  Probe  
  18  1:27  Nexus  
  18  1:36  Probe  
  19  1:46  Cybernetics Core  
  19  1:52  Probe  
  20  1:54  Assimilator  
  20  2:09  Gateway  
  20  2:17  Gateway  
  20  2:20  Probe  
  21  2:28  Warp Gate (Chrono Boost)  
  21  2:33  Robotics Facility  
  21  2:40  Probe x2 (Chrono Boost)  
  23  2:50  Probe x2 (Chrono Boost)  
  25  2:55  Probe x2 (Chrono Boost)  
  27  3:06  Probe  
  27  3:07  Probe  
  27  3:10  Stalker  
  27  3:11  Sentry  
  33  3:14  Stalker  
  33  3:18  Probe  
  33  3:19  Probe  
  37  3:24  Observer  
  38  3:28  Shield Battery  
  39  3:34  Probe x2  
  39  3:37  Assimilator  
  39  3:40  Assimilator  
  42  3:51  Probe  
  42  3:52  Probe  
  42  3:57  Pylon x2  
  42  4:04  Probe x2  
  44  4:16  Probe x2  
  46  4:27  Immortal (Chrono Boost)  
  46  4:28  Probe x2  
  52  4:32  Stalker x3  
  58  4:38  Twilight Council  
  58  4:40  Probe x2  
  60  4:56  Probe x2  
  62  5:00  Gateway  
  62  5:01  Gateway  
  62  5:04  Pylon  
  62  5:07  Gateway  
  62  5:22  Pylon  
  62  5:26  Pylon  
  62  5:33  Stalker x3  
  62  5:46  Immortal  
  66  5:51  Blink (Chrono Boost)  
  62  5:59  Observer  
  62  6:01  Stalker x3  
  68  6:16  Forge  
  68  6:21  Forge  
  68  6:24  Probe x2, Nexus  
  70  6:25  Pylon  
  70  6:27  Pylon  
  70  6:31  Pylon  
  70  6:34  Robotics Bay  
  70  6:36  Probe x2  
  72  6:48  Probe  
  73  6:57  Observer  
  73  7:02  Stalker x6  
  73  7:06  Protoss Ground Weapons Level 1 (Chrono Boost), Protoss Ground Armor Level 1 (Chrono Boost)  
  73  7:07  Probe x2  
  87  7:19  Probe  
  87  7:20  Probe, Sentry  
  87  7:22  Colossus (Chrono Boost)  
  91  7:28  Sentry x2  
  91  7:29  Sentry  
  103  7:40  Probe  
  103  7:41  Probe x2  
  106  7:45  Assimilator  
  106  7:47  Assimilator  
  106  7:49  Robotics Facility  
  106  7:53  Probe x3  
  109  8:02  Charge (Chrono Boost)  
  109  8:09  Observer (Chrono Boost), Zealot x3  
  109  8:10  Zealot x3  
  122  8:17  Probe x3  
  125  8:42  Probe  
  125  8:59  Pylon  
  125  9:00  Pylon  
  125  9:01  Pylon x2  
  125  9:03  Photon Cannon x2  
  125  9:04  Photon Cannon  
  125  9:07  Photon Cannon  
  125  9:08  Photon Cannon  
  125  9:15  Colossus (Chrono Boost)  
  125  9:17  Probe x2  
  125  9:23  Nexus  
  139  9:24  Colossus (Chrono Boost)  
  139  9:25  Pylon  
  139  9:26  Pylon  
  135  9:58  Stalker x4  
  135  9:59  Stalker x2  
  147  10:01  Colossus  
  153  10:11  Observer  
  154  10:23  Zealot x5  
  154  10:24  Protoss Ground Weapons Level 2, Protoss Ground Armor Level 2  
  154  10:26  Extended Thermal Lance  
  164  10:33  Observer  
  165  10:42  Gateway  
  165  10:43  Gateway, Pylon  
  165  10:46  Gateway  
  165  10:47  Pylon, Shield Battery  
  165  10:48  Gateway, Shield Battery  
  165  10:51  Shield Battery  
  165  10:54  Shield Battery  
  165  10:55  Shield Battery  
  160  11:31  Stalker x3  
  160  11:32  Stalker x3  
  170  11:58  Probe x2  
  170  11:59  Probe x2  
  174  12:03  Observer x2  
  176  12:24  Observer x2  
  178  12:43  Nexus  
  178  12:46  Pylon  
  178  12:47  Pylon  
  178  12:54  Disruptor x2  
  184  12:59  Zealot x2  
  184  13:00  Zealot x4  
  170  13:30  Disruptor x2  
  130  13:58  Zealot x6  
  130  13:59  Zealot x4  
  150  14:24  Disruptor x2  
  156  14:54  Stalker x3  
  156  14:55  Stalker x7  
  156  14:57  Protoss Ground Armor Level 3 (Chrono Boost), Protoss Ground Weapons Level 3 (Chrono Boost)  
  156  14:58  Probe x3  
  179  15:00  Gravitic Boosters (Chrono Boost)  
  170  15:55  Stalker  
  170  15:56  Stalker x3  
  170  15:57  Stalker x5  
  187  16:10  Zealot  
  189  16:14  Observer  
  164  17:33  Stalker x6  
  164  17:34  Stalker x4  
  183  17:38  Disruptor x2  
  142  18:13  Disruptor  
  93  18:31  Stalker x7  
  93  18:32  Stalker x3  
  77  18:59  Zealot x2  
  77  19:00  Zealot x7  
  77  19:01  Zealot  
  70  19:29  Stalker x4  
  70  19:30  Stalker x5  
  70  19:31  Colossus x2 (Chrono Boost)  
  88  20:06  Stalker x5  
  88  20:07  Stalker x3  
  98  20:09  Stalker x2  
  106  20:17  Colossus x2  
  108  20:46  Assimilator  
  108  20:47  Assimilator  
  106  21:07  Nexus  
  106  21:08  Colossus x2 (Chrono Boost)  
  106  21:10  Pylon  
  106  21:12  Pylon  
  106  21:15  Pylon, Stalker x5  
  106  21:16  Stalker x3  
  106  21:17  Stalker x2  
  130  21:55  Observer (Chrono Boost)  
  130  21:56  Observer (Chrono Boost)  
  116  22:12  Observer x2 (Chrono Boost)  
  109  22:28  Immortal x2  
  114  22:33  Shield Battery  
  114  22:34  Shield Battery  
  114  22:36  Zealot x2, Shield Battery  
  118  22:37  Zealot x6  
  118  22:38  Zealot  
  118  22:39  Shield Battery, Zealot  
  118  22:42  Shield Battery  
  134  22:44  Shield Battery  
  134  22:46  Shield Battery  
  134  22:47  Shield Battery  
  134  23:04  Immortal x2 (Chrono Boost)  
  130  23:34  Zealot x6, Nexus  
  132  23:35  Pylon, Zealot x4  
  132  23:36  Pylon, Immortal x2  
  132  23:38  Pylon  
  146  24:06  Immortal x2  
  146  24:15  Stalker x4  
  146  24:16  Stalker x5  
  171  24:17  Stalker  
  173  24:25  Protoss Shields Level 1 (Chrono Boost)  
  110  25:13  Stalker  
  110  25:14  Stalker x7  
  94  25:48  Zealot x3  
  94  25:49  Zealot x6  
  108  25:50  Zealot  
  110  26:07  Assimilator x2  
  110  26:23  Zealot x3  
  110  26:24  Zealot x5  
  126  27:28  Colossus  
  132  27:55  Nexus  
  94  28:28  Zealot x5  
  94  28:29  Zealot x5  
  102  28:46  Observer x2  
  102  29:07  Observer  
  79  29:47  Stalker x3  
  79  29:50  Nexus  
  85  30:12  Assimilator x2  
  85  30:25  Nexus  
  85  30:26  Observer, Pylon  
  85  30:43  Zealot x5  
  95  31:15  Zealot x4  
  95  31:16  Zealot  
  105  31:19  Stalker  
  107  31:41  Stalker  
  107  31:42  Stalker x2  
  107  31:44  Stalker  
  115  32:01  Assimilator  
  115  32:05  Assimilator  
  95  32:36  Zealot x7  
  109  32:37  Zealot x2  
  101  33:06  Stalker x5  
  101  33:07  Stalker x3  
  116  33:47  Observer  
  116  33:55  Zealot x5  
  122  33:56  Zealot x4  
  114  34:45  Stalker x3  
  116  34:46  Stalker x6  
  119  36:48  Pylon x2  
  119  36:49  Pylon  
  119  36:51  Pylon x2  
  119  36:53  Pylon  
  119  36:54  Cybernetics Core  
  93  37:16  Zealot x3  
  93  37:17  Zealot x2  
  103  37:34  Pylon  
  101  37:38  Pylon  
  101  37:39  Pylon  
  86  38:14  Zealot x4  
Show
View Real Time Build Order
Export as new Build Order

Zergatul Protoss 

Build Orders: 1 Gate Expand 

Get SALT Encoding   

  12  0:15  Pylon  
  12  0:19  Probe (Chrono Boost)  
  13  0:28  Probe (Chrono Boost)  
  14  0:35  Probe  
  14  0:38  Gateway  
  15  0:47  Probe  
  16  0:59  Probe  
  17  1:04  Assimilator  
  17  1:11  Probe  
  18  1:24  Probe  
  19  1:30  Nexus  
  19  1:41  Cybernetics Core  
  19  1:46  Assimilator  
  19  1:49  Assimilator  
  19  1:53  Probe  
  20  2:05  Probe  
  21  2:16  Pylon  
  21  2:17  Probe  
  21  2:18  Forge  
  22  2:29  Probe  
  23  2:34  Adept (Chrono Boost)  
  25  2:37  Warp Gate (Chrono Boost)  
  25  2:41  Probe  
  25  2:42  Shield Battery  
  25  2:44  Probe  
  27  2:53  Probe  
  27  2:56  Probe  
  27  2:57  Sentry  
  32  3:05  Probe  
  32  3:08  Probe  
  33  3:16  Photon Cannon  
  33  3:18  Probe (Chrono Boost)  
  33  3:19  Twilight Council  
  34  3:21  Probe (Chrono Boost)  
  35  3:33  Probe (Chrono Boost)  
  37  3:35  Probe (Chrono Boost)  
  37  3:38  Probe (Chrono Boost)  
  37  3:40  Photon Cannon  
  38  3:42  Probe  
  38  3:45  Assimilator  
  38  3:48  Assimilator, Sentry  
  41  3:50  Probe  
  41  3:54  Probe  
  43  4:07  Probe (Chrono Boost)  
  45  4:11  Probe (Chrono Boost), Blink (Chrono Boost)  
  46  4:18  Probe (Chrono Boost)  
  46  4:22  Gateway  
  46  4:23  Gateway  
  46  4:26  Pylon  
  46  4:30  Shield Battery  
  46  4:31  Shield Battery  
  46  4:39  Pylon  
  46  4:44  Probe  
  47  4:48  Probe, Pylon  
  48  4:54  Dark Shrine  
  48  4:57  Templar Archives  
  49  5:00  Probe x2 (Chrono Boost)  
  50  5:09  Probe (Chrono Boost)  
  50  5:11  Probe (Chrono Boost)  
  50  5:12  Sentry  
  54  5:14  Probe (Chrono Boost)  
  54  5:20  Probe  
  55  5:21  Sentry x2  
  55  5:26  Probe  
  60  5:32  Probe  
  57  5:38  Sentry  
  57  5:47  Stalker x2  
  57  5:48  Probe  
  57  5:49  Probe  
  63  6:01  Probe, Psionic Storm  
  63  6:03  Gateway  
  64  6:04  Gateway  
  64  6:08  Pylon, Dark Templar  
  64  6:10  Nexus  
  64  6:11  Dark Templar  
  68  6:21  Dark Templar  
  70  6:26  Probe (Chrono Boost)  
  70  6:29  Pylon  
  70  6:31  Charge  
  70  6:32  Probe (Chrono Boost), Pylon  
  72  6:34  Assimilator  
  72  6:37  Probe (Chrono Boost), Assimilator  
  74  6:41  Probe (Chrono Boost)  
  74  6:42  Probe (Chrono Boost), Shadow Stride (Chrono Boost)  
  74  6:44  Pylon  
  75  7:01  Zealot x5  
  79  7:06  Photon Cannon  
  79  7:07  Shield Battery  
  85  7:09  Probe  
  85  7:10  Photon Cannon  
  86  7:24  Sentry x4  
  86  7:25  Sentry  
  86  7:28  Probe (Chrono Boost)  
  99  7:32  Probe (Chrono Boost), Pylon  
  99  7:33  Probe (Chrono Boost)  
  99  7:35  Forge  
  99  7:40  Forge  
  99  7:42  Probe (Chrono Boost)  
  99  7:43  Probe (Chrono Boost), Protoss Ground Weapons Level 1  
  101  7:47  Pylon  
  101  7:48  Probe  
  102  7:52  Probe x2  
  104  8:00  Probe, Zealot x3  
  104  8:02  High Templar  
  104  8:03  High Templar  
  115  8:07  Protoss Ground Armor Level 1  
  115  8:10  Probe x2  
  117  8:14  Protoss Shields Level 1  
  117  8:22  Probe  
  117  8:23  Probe  
  117  8:25  Zealot x3  
  125  8:30  Pylon  
  125  8:33  Pylon  
  125  8:43  Probe x2  
  125  8:54  High Templar x3  
  125  8:55  High Templar  
  133  8:57  Nexus  
  133  8:58  Photon Cannon, Pylon  
  133  9:00  Assimilator  
  133  9:01  Assimilator  
  133  9:02  Pylon x2  
  133  9:03  Pylon  
  133  9:04  Photon Cannon  
  133  9:06  Pylon  
  133  9:23  Pylon  
  133  9:27  Probe x3  
  133  9:30  Dark Templar x3  
  133  9:31  Dark Templar x2  
  141  9:39  Pylon  
  141  9:51  Pylon  
  141  10:03  Pylon, Dark Templar x2  
  141  10:05  Dark Templar x2  
  149  10:12  Pylon  
  149  10:26  Probe x2  
  151  10:33  Protoss Shields Level 2 (Chrono Boost), Protoss Ground Armor Level 2 (Chrono Boost)  
  151  10:39  Protoss Ground Weapons Level 2 (Chrono Boost)  
  151  10:42  Photon Cannon  
  147  10:44  Pylon  
  147  10:47  Pylon  
  147  10:50  Pylon x2  
  147  10:56  Pylon  
  147  10:58  Pylon  
  146  11:20  Stalker x5  
  156  11:25  Photon Cannon  
  156  11:26  Photon Cannon  
  156  11:30  Photon Cannon  
  156  11:31  Photon Cannon  
  156  11:32  Photon Cannon  
  156  11:41  Gateway, Photon Cannon  
  156  11:43  Pylon  
  156  11:46  Pylon  
  156  11:49  Photon Cannon  
  156  11:50  Photon Cannon, Pylon  
  156  11:51  Dark Templar x2  
  156  11:52  Dark Templar x3  
  166  11:54  Photon Cannon  
  166  11:56  Photon Cannon  
  166  11:58  Photon Cannon  
  166  12:20  Photon Cannon x2  
  156  12:24  Photon Cannon  
  156  12:27  Photon Cannon, Shield Battery  
  156  12:29  Photon Cannon  
  156  12:31  Shield Battery  
  156  12:32  Pylon  
  156  12:33  Gateway  
  156  12:34  Gateway, High Templar  
  156  12:35  High Templar  
  160  12:37  Gateway  
  160  12:38  Gateway  
  160  12:40  Archon x3, Nexus  
  160  12:41  Gateway  
  160  12:44  Probe x3  
  163  12:53  Robotics Facility  
  163  12:56  Probe  
  164  12:59  Robotics Facility  
  164  13:03  Robotics Facility  
  164  13:04  Dark Templar x3  
  170  13:06  Pylon  
  170  13:10  Dark Templar  
  170  13:11  Pylon, Dark Templar  
  120  13:45  Archon x2  
  104  13:49  Stalker x2  
  104  13:50  Stalker x7  
  104  13:51  Zealot, Stalker  
  114  14:14  High Templar x2, Stalker x2  
  114  14:15  High Templar x7  
  136  14:19  Pylon  
  136  14:22  Assimilator  
  136  14:27  Assimilator  
  136  14:29  Protoss Ground Armor Level 3, Pylon, Protoss Shields Level 3, Protoss Ground Weapons Level 3  
  128  14:53  Stalker x5  
  128  14:54  Zealot x4  
  146  15:06  Photon Cannon x2  
  146  15:08  Shield Battery  
  146  15:24  Immortal x2  
  142  15:48  Probe x3, Pylon  
  142  15:49  Probe  
  146  15:50  Pylon  
  146  16:00  Probe x2  
  146  16:02  High Templar x2  
  146  16:03  Stalker x4  
  146  16:04  Sentry, Stalker x2  
  164  16:05  Sentry  
  164  16:07  Sentry  
  170  16:21  Observer  
  170  16:22  Observer x2  
  173  16:26  Robotics Bay  
  173  16:43  Nexus  
  173  16:45  Pylon  
  173  16:47  Pylon  
  171  16:58  Immortal x3 (Chrono Boost)  
  179  17:02  Assimilator  
  179  17:06  Assimilator  
  178  17:30  Observer x2  
  178  17:31  Observer  
  174  17:52  Observer x2  
  138  18:01  Archon  
  104  18:14  Stalker x6  
  104  18:15  Stalker x5  
  104  18:17  Immortal x3  
  126  18:29  Pylon  
  126  18:32  Pylon  
  126  18:37  Photon Cannon  
  126  18:39  Photon Cannon, Pylon  
  126  18:41  Photon Cannon  
  126  18:42  Shield Battery  
  126  18:45  Shield Battery  
  120  18:51  Pylon  
  120  18:54  Dark Templar x4  
  120  18:55  Zealot x4  
  124  18:56  Zealot x2  
  122  19:02  Pylon  
  122  19:07  Dark Templar  
  124  19:22  Pylon  
  124  19:31  High Templar x5  
  124  19:32  High Templar x5  
  123  19:49  Disruptor x2, Zealot  
  132  19:59  Robotics Facility  
  132  20:00  Nexus  
  132  20:02  Robotics Facility  
  132  20:03  Pylon  
  129  20:07  Archon x3  
  128  20:25  Disruptor x2  
  128  20:26  Stalker x5  
  128  20:27  Stalker x4  
  128  20:28  Stalker  
  154  20:32  Photon Cannon  
  154  20:35  Gravitic Boosters (Chrono Boost)  
  142  20:47  Photon Cannon  
  140  20:59  Photon Cannon  
  140  21:00  Pylon  
  140  21:01  Observer  
  140  21:02  Observer  
  129  21:21  Zealot x4  
  129  21:22  Zealot x3  
  129  21:23  Observer x2  
  129  21:24  Extended Thermal Lance  
  134  21:28  Assimilator  
  123  21:46  Observer x2  
  115  21:48  Observer x2  
  113  22:07  Observer x2  
  49  22:37  Pylon  
  49  22:39  Stalker x3  
  49  22:40  Stalker x5  
  49  22:41  Pylon  
  49  22:43  High Templar  
  67  22:45  High Templar  
  67  22:46  High Templar  
  71  22:58  Observer  
  71  22:59  Observer  
  71  23:01  Probe  
  72  23:05  Dark Templar  
  72  23:06  Dark Templar x2  
  78  23:13  Probe  
  79  23:34  High Templar x3, Zealot x2  
  76  23:35  Zealot x2  
  88  23:50  Dark Templar x2  
  76  24:14  Dark Templar x2  
  76  24:15  Zealot x4  
  70  24:31  Archon  
  70  24:32  Archon  
  56  24:42  Observer  
  50  24:50  High Templar  
  50  24:51  Zealot  
  50  24:59  Nexus  
  50  25:09  Pylon  
  50  25:21  Assimilator x2  
  50  25:26  Zealot x2  
  51  25:46  Photon Cannon  
  51  25:47  Shield Battery  
  51  25:50  Zealot  
  51  25:53  High Templar  
  55  26:02  Zealot  
  55  26:04  Zealot  
  55  26:22  Zealot x3  
  55  26:52  Zealot  
  55  26:53  Zealot x4  
  68  27:02  Probe (Chrono Boost)  
  68  27:06  Probe x2 (Chrono Boost)  
  68  27:07  Probe (Chrono Boost)  
  70  27:11  Probe x2 (Chrono Boost)  
  70  27:12  Observer  
  70  27:13  Observer  
  73  27:39  Colossus  
  70  28:21  High Templar  
  70  28:22  Zealot x2  
  70  28:23  Zealot x7  
  70  28:24  Zealot  
  56  29:23  High Templar x3  
  62  29:24  Zealot x5  
  62  29:25  Zealot x2  
  59  29:58  Zealot x5  
  59  29:59  Zealot x6  
  73  30:17  Observer x3  
  76  30:34  Zealot x7  
  76  30:35  Zealot x2  
  94  30:40  Pylon  
  94  31:01  Photon Cannon  
  94  31:03  Shield Battery  
  94  31:04  Photon Cannon  
  94  31:12  Observer  
  91  32:01  Nexus  
  91  32:03  Pylon  
  91  32:04  Observer x2  
  92  32:13  High Templar  
  92  32:14  High Templar x2  
  92  32:15  Zealot x3  
  100  32:16  Zealot x2  
  108  32:31  Observer  
  108  32:35  Observer  
  108  32:39  Shield Battery  
  108  32:41  Shield Battery  
  108  32:43  Photon Cannon  
  108  33:05  Stalker x3  
  112  33:07  High Templar  
  114  33:21  Archon x3  
  39  33:45  Observer  
  31  34:00  Observer x3  
  31  34:01  Observer  
  35  34:37  Stalker x3  
  35  34:38  Zealot x6  
  48  34:39  Zealot x2  
  40  35:39  Dark Templar x2  
  38  35:55  Zealot  
  35  36:19  High Templar  
  29  36:37  High Templar  
  30  36:54  High Templar  
  32  37:11  Observer, High Templar  
  34  37:36  Observer  
  34  37:54  Observer  
  34  38:11  Observer  
  32  38:17  Observer  
  32  38:27  Observer  
  32  39:04  High Templar  
  32  39:05  High Templar  
  36  39:32  Pylon  
  36  39:37  High Templar x2  
  40  39:57  Observer, High Templar  
  40  39:58  High Templar x2  
  46  40:07  Observer (Chrono Boost)  
  46  40:09  Observer (Chrono Boost)  
  48  40:16  Observer  
  48  40:56  Observer  
  48  41:40  Observer  
  48  42:23  High Templar  
  50  42:36  Observer  
  47  43:54  Observer  
Show
View Real Time Build Order
Export as new Build Order

qqq Zerg - Winner!

Build Orders: Hatch First, Lurkers 

Get SALT Encoding   

  12  0:01  Drone  
  13  0:08  Drone  
  14  0:32  Overlord  
  14  0:44  Hatchery  
  13  0:57  Drone  
  13  0:58  Drone x2  
  16  1:10  Drone  
  17  1:27  Spawning Pool  
  17  1:28  Drone  
  17  1:30  Extractor  
  16  2:00  Drone x3  
  19  2:25  Drone  
  19  2:26  Drone  
  21  2:37  Drone x3  
  21  2:38  Queen  
  26  2:51  Drone  
  26  2:52  Zergling x2  
  27  2:59  Overlord  
  27  3:04  Metabolic Boost  
  27  3:11  Queen  
  27  3:12  Baneling Nest  
  28  3:13  Hatchery  
  28  3:14  Drone  
  28  3:17  Drone  
  28  3:18  Zergling x2  
  30  3:21  Zergling x2  
  30  3:25  Zergling x2  
  32  3:28  Zergling x2  
  32  3:32  Zergling x2  
  34  3:37  Zergling x2  
  35  3:53  Zergling x2  
  35  3:55  Overlord x2  
  36  3:56  Overlord  
  36  4:02  Lair  
  36  4:13  Overlord  
  36  4:14  Zergling x2  
  36  4:15  Zergling x6  
  40  4:22  Zergling x6  
  43  4:29  Baneling x5  
  43  4:32  Zergling x4  
  43  4:35  Zergling x2  
  46  4:47  Zergling x2  
  46  4:48  Drone x2, Zergling x2  
  46  4:49  Drone  
  51  5:01  Zergling x4  
  51  5:02  Drone, Zergling x2  
  51  5:06  Baneling x3  
  55  5:08  Drone  
  55  5:11  Drone  
  37  5:44  Zergling x4  
  37  5:45  Zergling x4  
  42  5:50  Drone x7  
  42  5:56  Zergling x2  
  49  5:58  Drone x2  
  49  6:00  Queen  
  53  6:10  Hydralisk Den  
  52  6:11  Extractor  
  52  6:15  Evolution Chamber  
  52  6:16  Hatchery  
  52  6:17  Evolution Chamber  
  48  6:22  Drone  
  48  6:23  Drone x4  
  48  6:24  Drone x4, Infestation Pit  
  56  6:27  Extractor  
  56  6:28  Extractor  
  54  6:34  Drone  
  54  6:37  Spine Crawler  
  54  6:39  Extractor x2  
  52  6:46  Drone  
  52  6:47  Drone x2  
  55  6:55  Drone x3  
  58  7:07  Lurker Den  
  57  7:11  Overseer  
  57  7:19  Spore Crawler  
  56  7:24  Pneumatized Carapace  
  56  7:25  Drone  
  56  7:26  Drone x6  
  56  7:28  Hydralisk  
  65  7:32  Drone, Queen  
  65  7:35  Spore Crawler  
  67  7:42  Drone x4  
  67  7:43  Drone  
  72  7:44  Hydralisk  
  72  7:47  Zerg Missile Weapons Level 1  
  74  8:04  Muscular Augments  
  74  8:05  Zerg Ground Armor Level 1  
  74  8:09  Drone x2  
  74  8:10  Drone x4  
  74  8:11  Overlord x3  
  74  8:12  Overlord x4  
  80  8:18  Hive  
  80  8:29  Extractor  
  80  8:41  Hydralisk, Zergling x8  
  85  8:55  Hydralisk x3  
  85  8:58  Lurker  
  85  8:59  Drone  
  85  9:00  Drone x8  
  101  9:05  Spine Crawler  
  101  9:06  Spine Crawler, Spore Crawler  
  99  9:10  Drone x2  
  99  9:11  Drone x4  
  99  9:16  Grooved Spines  
  104  9:24  Hydralisk x3  
  104  9:27  Lurker x3  
  104  9:29  Drone x2  
  104  9:30  Drone x2  
  117  9:33  Drone  
  117  9:34  Extractor  
  117  9:35  Drone  
  118  9:45  Hatchery  
  116  9:46  Hatchery  
  115  9:59  Seismic Spines  
  115  10:05  Zerg Ground Armor Level 2, Zerg Melee Weapons Level 1  
  115  10:08  Ultralisk Cavern  
  115  10:13  Zergling x2  
  115  10:14  Zergling x10  
  118  10:15  Zergling x10  
  122  10:46  Lurker x4, Spore Crawler  
  122  10:47  Spine Crawler, Lurker  
  122  10:48  Drone x3  
  122  10:49  Zergling x8  
  132  10:50  Overlord x4  
  132  10:51  Overlord  
  120  11:15  Drone x2, Hatchery  
  120  11:18  Anabolic Synthesis  
  107  11:30  Hatchery  
  106  11:49  Ultralisk x3  
  106  11:50  Hydralisk, Ultralisk x2  
  106  11:52  Drone  
  106  11:53  Drone x2  
  141  11:56  Spore Crawler  
  141  11:58  Zerg Missile Weapons Level 2  
  141  12:01  Chitinous Plating  
  132  12:31  Hatchery  
  131  12:48  Hydralisk x6, Lurker  
  131  12:49  Hydralisk x3  
  150  12:51  Overlord x3  
  150  12:52  Drone  
  150  12:55  Spore Crawler  
  150  12:57  Spine Crawler  
  149  12:59  Spine Crawler  
  148  13:15  Lurker  
  148  13:16  Lurker x4  
  148  13:18  Zerg Melee Weapons Level 2  
  117  13:58  Hydralisk x6  
  117  14:00  Drone x6  
  135  14:03  Spore Crawler  
  135  14:05  Spine Crawler  
  132  14:12  Overseer x2  
  128  14:21  Overseer  
  107  15:01  Hydralisk x3  
  107  15:03  Ultralisk x3  
  107  15:04  Drone x3  
  107  15:06  Zerg Ground Armor Level 3  
  134  15:11  Adaptive Talons  
  131  15:28  Hatchery  
  131  15:32  Overseer x2  
  131  15:34  Zerg Missile Weapons Level 3  
  111  15:45  Hydralisk  
  111  15:46  Hydralisk x5  
  125  15:50  Lurker x4  
  125  15:55  Drone x3  
  130  16:08  Ultralisk x2  
  142  16:12  Queen  
  142  16:17  Spine Crawler, Hydralisk x2  
  142  16:18  Spore Crawler  
  146  16:19  Spine Crawler  
  143  16:48  Hydralisk x3  
  143  16:49  Overlord x3  
  139  17:31  Lurker x4  
  121  18:07  Ultralisk x4  
  121  18:09  Drone x2  
  141  18:30  Ultralisk  
  141  18:31  Drone x2, Ultralisk  
  141  18:32  Drone x4  
  150  18:48  Hatchery  
  115  19:08  Hydralisk x4, Ultralisk x2  
  135  19:18  Spine Crawler  
  135  19:21  Spine Crawler  
  132  19:33  Ultralisk  
  132  19:38  Lurker  
  131  20:21  Ultralisk x3  
  131  20:23  Drone x3  
  134  20:39  Lurker x2  
  136  20:46  Hatchery  
  129  21:16  Hydralisk x7  
  129  21:17  Hydralisk x2  
  122  22:15  Hydralisk x4  
  122  22:17  Lurker  
  119  23:07  Ultralisk  
  125  23:15  Overseer  
  125  23:18  Overseer x2  
  122  23:28  Hatchery  
  121  23:40  Lurker  
  122  23:49  Spore Crawler  
  115  24:16  Lurker  
  104  24:36  Hatchery  
  68  24:58  Zergling x12  
  68  24:59  Zergling x6  
  78  25:14  Zergling x2  
  78  25:15  Zergling x4  
  77  25:34  Hatchery  
  72  25:59  Hatchery  
  72  26:02  Hatchery  
  60  26:22  Zergling x8  
  60  26:23  Zergling x10  
  68  26:39  Extractor  
  67  26:41  Extractor  
  66  26:47  Spine Crawler  
  66  26:48  Spine Crawler  
  66  26:49  Spine Crawler  
  63  27:32  Spine Crawler  
  63  27:35  Spine Crawler  
  60  27:37  Spine Crawler  
  60  27:38  Spine Crawler x2  
  60  27:40  Spine Crawler, Spore Crawler  
  60  27:41  Spine Crawler  
  54  27:48  Spore Crawler  
  47  28:08  Hydralisk x2  
  51  28:23  Spine Crawler  
  50  28:28  Hatchery  
  49  28:36  Hydralisk x2  
  49  28:40  Lurker x2  
  53  29:03  Queen  
  52  29:20  Overseer  
  49  29:39  Queen  
  49  29:42  Hydralisk x3  
  49  29:44  Drone x3  
  60  29:59  Hatchery  
  59  30:06  Queen  
  59  30:12  Spine Crawler  
  59  30:14  Queen, Spore Crawler  
  59  30:18  Lurker x4  
  65  30:42  Queen  
  67  30:50  Queen  
  69  30:57  Viper  
  72  31:26  Queen  
  74  31:55  Ultralisk  
  80  32:15  Ultralisk  
  86  33:15  Ultralisk  
  59  34:41  Queen x3  
  59  34:45  Lurker  
  66  34:46  Ultralisk  
  66  34:47  Ultralisk  
  66  34:48  Zergling x6  
  66  34:49  Zergling x6  
  66  34:50  Zergling x2  
  66  34:52  Hatchery  
  84  35:16  Queen  
  88  35:33  Baneling x6  
  88  35:34  Baneling x2  
  80  35:36  Zergling x6  
  80  35:37  Zergling x12  
  87  35:43  Spawning Pool  
  87  35:44  Lair  
  87  35:49  Overlord x2  
  81  36:18  Extractor  
  80  36:20  Extractor  
  79  37:03  Infestation Pit  
  78  37:12  Overseer  
  78  37:34  Spine Crawler  
  63  38:29  Hive  
  63  38:53  Zergling x4  
  63  38:54  Zergling x8  
  63  38:55  Queen  
  71  39:31  Queen  
  73  39:39  Overlord x2  
  73  39:40  Overlord x4  
  73  39:56  Ultralisk Cavern  
  72  40:06  Queen  
  70  40:42  Queen  
  72  40:51  Ultralisk x5  
  72  40:52  Ultralisk  
  108  41:10  Ultralisk x2  
  120  41:13  Spine Crawler  
  120  41:16  Spine Crawler  
  118  41:20  Spine Crawler  
  118  41:22  Spine Crawler, Hydralisk Den  
  118  41:23  Spine Crawler  
  118  41:24  Spine Crawler  
  113  42:00  Ultralisk  
  119  42:03  Hydralisk, Overlord  
  119  42:04  Overlord x4  
  119  42:05  Overlord x2  
  121  43:07  Spire  
Show
View Real Time Build Order
Export as new Build Order

Massa Terran - Winner!

Build Orders: Reaper Expand 

Get SALT Encoding   

  12  0:00  SCV  
  13  0:12  SCV  
  14  0:23  Supply Depot  
  14  0:25  SCV  
  15  0:39  Refinery  
  15  0:45  SCV  
  15  0:46  Barracks  
  16  0:57  SCV  
  17  1:09  SCV  
  18  1:21  SCV  
  19  1:34  Reaper  
  20  1:40  SCV  
  20  1:41  Command Center  
  21  1:52  Orbital Command  
  21  2:06  Marine  
  22  2:09  Barracks  
  22  2:13  Barracks  
  22  2:20  SCV  
  23  2:26  Barracks Reactor  
  23  2:56  Orbital Command  
  23  2:59  Factory  
  23  3:04  Barracks Reactor, Barracks Tech Lab  
  23  3:13  SCV  
  23  3:14  Marine  
  23  3:15  Marine  
  23  3:16  Refinery  
  26  3:24  Stimpack  
  26  3:25  SCV  
  26  3:26  SCV  
  28  3:32  Marine x2  
  30  3:35  Refinery  
  30  3:37  SCV  
  31  3:45  Factory Tech Lab  
  31  3:48  Marine x2  
  31  3:50  Marine x2  
  31  3:51  Marine  
  36  3:59  Refinery  
  36  4:04  SCV x2  
  36  4:08  Starport, Marine  
  38  4:17  Supply Depot  
  38  4:20  Engineering Bay  
  38  4:25  Engineering Bay  
  38  4:29  Supply Depot  
  38  4:38  Marine x4  
  38  4:39  SCV x2  
  38  4:41  Marine  
  45  4:50  Medivac, Siege Tank  
  45  4:51  SCV x2  
  52  4:59  Marauder  
  54  5:04  Combat Shield  
  54  5:05  Supply Depot  
  54  5:10  Supply Depot  
  54  5:27  SCV x2, Marine x3  
  55  5:43  Marine  
  55  5:44  Marauder, Marine  
  56  6:02  Marine  
  56  6:03  Marine x2  
  56  6:04  SCV x2  
  60  6:05  Marauder  
  62  6:16  SCV x2  
  62  6:17  Starport Reactor, Missile Turret  
  64  6:19  Marine  
  64  6:20  Marine  
  66  6:26  Marauder  
  66  6:27  Command Center  
  66  6:28  SCV  
  66  6:29  Marine  
  70  6:46  Armory  
  70  6:49  Concussive Shells  
  70  6:50  Ghost Academy  
  70  6:54  Terran Infantry Armor Level 1  
  70  7:02  Engineering Bay  
  70  7:11  Marine  
  70  7:33  Supply Depot  
  70  7:35  Supply Depot  
  70  7:52  Missile Turret x2  
  70  7:54  Marine x3  
  70  7:55  Marauder, Medivac  
  70  7:56  Medivac, Siege Tank  
  70  7:57  Supply Depot  
  82  7:59  Supply Depot  
  82  8:01  Marine  
  83  8:12  Marine x3  
  83  8:13  Command Center  
  83  8:18  Missile Turret  
  83  8:19  Marauder, Marine  
  89  8:24  Supply Depot  
  89  8:25  Medivac  
  91  8:28  Siege Tank  
  91  8:29  Supply Depot  
  91  8:30  Marine x2, Supply Depot  
  91  8:31  Supply Depot  
  96  8:41  Marauder  
  96  8:50  Medivac  
  96  8:53  Supply Depot  
  96  8:54  Supply Depot  
  96  8:55  Marine x2, Medivac  
  101  9:00  Siege Tank  
  101  9:02  Marauder  
  107  9:15  Missile Turret  
  107  9:20  Liberator  
  107  9:23  Marauder  
  112  9:30  Marine x2  
  112  9:31  Marine x2  
  116  9:34  Sensor Tower  
  116  9:37  Planetary Fortress  
  116  9:39  SCV  
  116  9:45  Marauder  
  119  9:48  Marine x2  
  121  10:06  Marauder  
  116  10:16  Marine x2  
  115  10:26  Terran Vehicle Weapons Level 1  
  115  10:27  Marauder  
  117  10:29  Terran Infantry Armor Level 2, Terran Infantry Weapons Level 1  
  117  10:31  Command Center  
  117  10:34  SCV x3  
  120  10:41  Command Center  
  120  10:46  SCV  
  121  10:55  Medivac x2  
  125  11:00  Barracks x2  
  118  12:10  SCV  
  118  12:11  Refinery, SCV x2  
  118  12:12  Refinery  
  121  12:22  SCV  
  122  12:23  SCV x2  
  122  12:25  Barracks Reactor, Barracks Tech Lab  
  124  12:32  Planetary Fortress  
  124  12:33  Command Center  
  124  12:34  SCV  
  124  12:35  SCV x2  
  127  12:41  Missile Turret  
  127  12:45  Missile Turret  
  127  12:46  SCV  
  127  12:47  SCV x2  
  127  12:50  Orbital Command  
  130  12:54  Siege Tank  
  133  12:59  SCV x3  
  133  13:01  Factory  
  136  13:07  Missile Turret x2  
  136  13:11  SCV x3  
  139  13:23  SCV  
  139  13:26  Siege Tank  
  135  13:29  Missile Turret  
  99  13:50  Viking x2  
  99  13:51  Missile Turret  
  99  13:54  Factory Tech Lab  
  99  13:57  Ghost x2  
  99  13:58  Siege Tank  
  106  14:12  Command Center  
  106  14:13  Barracks Tech Lab  
  106  14:16  SCV x4  
  110  14:20  Viking x2  
  110  14:22  Siege Tank  
  117  14:26  Factory, Ghost x2  
  117  14:30  Siege Tank  
  123  14:50  Viking x2  
  127  14:54  Ghost x2, Siege Tank  
  134  15:11  Command Center  
  124  15:23  Ghost  
  125  15:56  Enhanced Shockwaves  
  125  16:00  Terran Infantry Weapons Level 2  
  125  16:01  Terran Infantry Armor Level 3  
  125  16:02  Ghost Academy  
  127  16:11  Marauder  
  127  16:12  Marauder x2  
  127  16:13  Marine x2  
  127  16:15  Siege Tank  
  127  16:16  Factory Tech Lab  
  139  16:30  Missile Turret  
  138  16:33  Marauder x3  
  142  16:47  Siege Tank  
  142  16:52  Missile Turret  
  147  16:54  Marauder x3  
  147  16:56  Planetary Fortress  
  147  16:58  SCV  
  147  16:59  SCV x4  
  155  17:10  SCV  
  155  17:11  SCV  
  159  17:15  Marauder  
  159  17:16  Marauder x2  
  159  17:17  Missile Turret  
  159  17:19  Siege Tank  
  159  17:20  Sensor Tower  
  159  17:22  Missile Turret  
  168  17:37  Marauder x2  
  170  17:56  SCV x4  
  170  17:57  SCV x2  
  130  18:16  Marauder x3, Marine  
  130  18:17  Marine x3  
  130  18:18  Siege Tank  
  130  18:19  Siege Tank  
  134  18:34  Marine  
  134  18:35  Marine x3  
  134  18:37  Marauder  
  134  18:38  Marauder x2  
  124  18:50  Siege Tank  
  124  18:51  Siege Tank  
  124  18:52  Marine  
  124  18:53  Marine x3  
  128  18:59  Marauder x3  
  134  19:10  Marine  
  134  19:12  Refinery  
  134  19:13  Refinery  
  135  19:20  Marauder  
  135  19:21  Marauder x2  
  135  19:23  Siege Tank x2  
  147  19:41  Marauder, Ghost  
  147  19:42  Marauder  
  147  19:48  Marine x2  
  147  19:49  Marine x2  
  146  19:55  Siege Tank x2  
  146  19:56  SCV x5  
  152  20:02  Ghost  
  152  20:03  Ghost, Command Center  
  152  20:06  Marine  
  157  20:08  SCV x5  
  157  20:11  Marauder  
  164  20:20  SCV x2  
  165  20:27  Siege Tank  
  148  20:31  Marauder  
  148  20:32  Marauder x2  
  142  20:40  Missile Turret  
  142  20:43  Missile Turret  
  142  20:47  Supply Depot x4  
  142  20:51  Refinery  
  142  20:53  Refinery, Marauder x3  
  148  21:14  Marauder  
  148  21:15  Marauder  
  141  21:25  Marauder, Marine  
  143  21:26  Marine x3  
  147  21:36  Marauder x2  
  151  21:43  Marine  
  151  21:44  Marine x3  
  151  21:46  Marauder  
  155  21:57  Marauder x2  
  155  22:01  Marine x4  
  158  22:08  Marauder  
  144  22:18  Marauder  
  144  22:19  Marauder, Marine x4  
  133  22:29  Marauder  
  128  22:37  Marine x3, Siege Tank x2  
  125  22:40  Marauder x2  
  138  22:46  Command Center  
  138  22:50  Marauder  
  140  22:58  Barracks x2  
  140  22:59  Barracks  
  140  23:00  Barracks  
  140  23:01  Marauder  
  140  23:02  Marauder  
  140  23:03  Supply Depot  
  144  23:09  Siege Tank  
  144  23:12  Marauder  
  149  23:22  Marauder  
  149  23:25  Supply Depot  
  134  24:16  Ghost x3  
  133  24:18  Marine x3  
  138  24:45  Marauder, Ghost  
  135  24:46  Marauder, Marine  
  135  24:47  Marine x3  
  135  24:49  Siege Tank x2  
  142  25:03  Command Center  
  142  25:04  Marine x2  
  119  25:07  Marauder x2  
  119  25:11  Marine x2  
  99  25:14  Marauder  
  99  25:15  Medivac x2  
  99  25:21  Barracks Tech Lab, Siege Tank x2  
  109  25:22  Barracks Tech Lab x3, Marine x2  
  115  25:28  Marauder x2  
  115  25:29  Marine x2  
  103  25:35  Marauder  
  102  25:53  Siege Tank  
  102  25:56  Marauder x5, Marine  
  102  25:57  Marauder, Marine x4  
  118  26:00  Siege Tank  
  125  26:05  Refinery  
  125  26:08  Refinery  
  125  26:14  Marine  
  125  26:15  Marine x4, Viking, Medivac  
  125  26:17  Marine x6  
  125  26:18  Orbital Command  
  140  26:22  Refinery  
  140  26:24  Refinery  
  140  26:25  Siege Tank  
  143  26:32  Marine x4  
  144  26:33  Marine  
  144  26:35  Marine x6  
  154  26:50  Marine x5  
  154  26:52  Marine x2  
  154  26:53  Marine x4  
  165  27:08  Marine  
  165  27:10  Marine x3  
  165  27:11  Marine x3  
  166  27:26  Ghost  
  168  27:52  Marauder x3, Marine x5  
  168  27:53  Marine x2  
  168  27:55  Marine, Siege Tank x2  
  168  27:57  Medivac x2  
  192  28:10  Marine x5  
  192  28:11  Marine x2  
  192  28:12  Marine  
  192  28:27  Ghost x2, Viking x2, Siege Tank x2  
  152  28:28  Marine x5, Ghost  
  152  28:29  Marine x2  
  152  28:30  Marine  
  123  28:45  Marine x2  
  123  28:46  Marine x2, Ghost  
  123  28:47  Marauder x2  
  133  28:49  Marauder  
  134  28:57  Medivac x2  
  134  28:59  Siege Tank x2  
  143  29:31  Siege Tank  
  127  29:58  SCV x3  
  127  29:59  SCV x3  
  133  30:33  Sensor Tower  
  133  30:46  Medivac x2  
  133  30:48  Siege Tank  
  133  30:49  Siege Tank  
  143  30:50  Marauder x2  
  143  30:51  Marauder, Ghost x2  
  143  30:52  Marauder x2, Marine x4, Missile Turret  
  161  31:09  Marine x3  
  161  31:10  Marine  
  165  31:11  Marauder, Marine  
  165  31:12  Marauder, Marine  
  165  31:13  Marine  
  165  31:16  Medivac x2  
  176  31:19  Marine x2  
  176  31:20  Siege Tank  
  176  31:21  Siege Tank  
  184  31:25  Fusion Core  
  184  31:28  Terran Infantry Weapons Level 3  
  184  31:36  Armory  
  180  31:42  Ghost  
  180  31:46  Liberator x2  
  188  31:53  Siege Tank x2  
  137  33:51  Marauder x7  
  137  33:52  Marine x4  
  155  33:56  Siege Tank  
  155  33:57  Siege Tank  
  161  34:10  Marine x4  
  161  34:12  Marauder  
  161  34:13  Marauder x6  
  167  34:56  Advanced Ballistics  
  93  37:22  Supply Depot x2  
  93  37:24  Supply Depot x2  
  93  37:25  Supply Depot x2  
  93  37:27  Supply Depot x2  
  93  37:31  SCV, Marine  
  93  37:32  SCV  
  93  37:33  SCV  
  93  37:36  Marauder x2  
  92  37:37  Marauder  
  92  37:43  SCV  
  100  37:44  SCV, Marauder x3  
  100  37:45  SCV  
  100  37:48  Supply Depot  
  104  37:55  SCV  
  104  37:56  SCV  
  104  37:57  SCV, Marauder x2  
  109  37:59  Marauder  
  110  38:05  Marauder  
  110  38:06  Marauder x2  
  110  38:08  SCV x2  
  110  38:09  SCV  
  114  38:18  Marauder x2  
  118  38:20  Marauder, Factory  
  118  38:21  SCV  
  118  38:22  Factory  
  118  38:24  Ghost Academy  
  118  38:27  Factory Tech Lab, Marauder x3  
  127  38:40  Marauder x2  
  131  38:41  Marauder  
  135  38:48  Marauder x3  
  139  39:01  Marauder x2  
  145  39:03  Marauder  
  147  39:10  Marauder  
  147  39:21  Supply Depot x2  
  147  39:23  Supply Depot  
  147  39:26  Supply Depot x2  
  147  39:27  Supply Depot x2  
  147  39:29  Supply Depot  
  147  39:34  Supply Depot  
  147  39:42  Ghost x4  
  147  39:43  Marauder x2, Siege Tank  
  162  39:51  Orbital Command  
  162  40:03  Ghost  
  164  40:15  Siege Tank  
  167  41:35  Engineering Bay  
  167  41:40  Armory  
  167  42:49  Starport, Personal Cloaking  
  167  43:10  Missile Turret  
  167  43:59  Sensor Tower  
  167  44:01  Siege Tank  
  170  44:11  Missile Turret  
Tags
 
Add a new tag
Caveats
  • Supply blocks, unpowered buildings, or Contaminate may cause inaccurate times.
  • Supply counts are checked every 10 seconds.